 Dungeon Crawl Stone Soup version 0.28.0-45-g0d030f2227 (webtiles) character file.

Game seed: 17853823197283312171

97 pkoi the Gusty (level 4, 0/33 HPs)
             Began as a Demigod Air Elementalist on Apr 11, 2022.
             Slain by a hell rat (16 damage)
             ... in a sewer.
             The game lasted 00:03:53 (4308 turns).

pkoi the Gusty (Demigod Air Elementalist)           Turns: 4308, Time: 00:03:53

Health: 0/33       AC:  3    Str:  9    XL:     4   Next: 19%
Magic:  6/9        EV: 12    Int: 21    God:
Gold:   106        SH:  0    Dex: 14    Spells: 3/6 levels left

rFire   + . .      SeeInvis .   e - +0 dagger
rCold   . . .      Faith    .   (no shield)
rNeg    . . .      Spirit   .   a - +0 robe
rPois   .          Reflect  .   (no helmet)
rElec   .          Harm     .   (no cloak)
rCorr   .          Rampage  .   n - +0 pair of gloves {infuse}
Will    .....                   (no boots)
Stlth   +.........              (no amulet)
HPRegen 0.11/turn               i - +4 ring of slaying
MPRegen 0.11/turn               m - ring of protection from fire

@: very slightly contaminated, very slow
A: high MP 1, forlorn, divine attributes
a: no special abilities


You were in a sewer.
You visited 1 branch of the dungeon, and saw 3 of its levels.
You also visited: Sewer.

You collected 106 gold pieces.

Inventory:

Hand Weapons
 e - a +0 dagger (weapon)
Armour
 a - a +0 robe (worn)
 c - a +0 pair of gloves
 n - a +0 pair of gloves of infusion (worn)
Jewellery
 i - a +4 ring of slaying (left hand)
 m - a ring of protection from fire (right hand)
Scrolls
 f - a scroll of torment {unknown}
 g - a scroll of noise {unknown}
 h - a scroll of amnesia {unknown}
 j - a scroll of enchant armour {unknown}
Potions
 b - a potion of flight {unknown}
 d - 2 potions of curing {unknown}
 k - a potion of lignification {unknown}
 l - a potion of attraction {unknown}


   Skills:
 - Level 1.7 Dodging
 - Level 1.7 Stealth
 + Level 1.0 Unarmed Combat
 - Level 1.7 Spellcasting
 - Level 0.8 Conjurations
 * Level 4.6 Air Magic


You had 3 spell levels left.
You knew the following spells:

 Your Spells              Type           Power      Damage    Failure   Level
a - Shock                 Conj/Air       52%        1d6       4%          1
b - Static Discharge      Conj/Air       13%        N/A       8%          2

Your spell library contained the following spells:

 Spells                   Type           Power      Damage    Failure   Level
 Swiftness                Air            21%        N/A       7%          3
 Magic Dart               Conj           20%        1d4       11%         1
 Call Imp                 Summ           1%         N/A       22%         2
 Mephitic Cloud           Conj/Pois/Air  9%         N/A       22%         3
 Inner Flame              Hex/Fire       1%         N/A       41%         3
 Airstrike                Air            10%        N/A       22%         4
 Cause Fear               Hex            0%         N/A       83%         4
 Discord                  Hex            0%         N/A       100%        8


Dungeon Overview and Level Annotations

Branches:
Dungeon (3/15)              Sewer (1/1)


Innate Abilities, Weirdness & Mutations

You have an increased reservoir of magic. (+10% MP)
You shall have no god before yourself.
Your divine heritage dramatically boosts your attributes as you level up.


Message History

The river rat is almost dead.
The river rat closely misses you.
You hit the river rat.
You kill the river rat!
Your Unarmed Combat skill increases to level 1!
You enter the shallow water.
Moving in this stuff is going to be slow.
You start resting.
Magic restored.
You start waiting.
Done waiting.
You enter the shallow water.
Moving in this stuff is going to be slow.
You enter the shallow water.
Moving in this stuff is going to be slow.
You enter the shallow water.
Moving in this stuff is going to be slow.
You open the door.
A hell rat comes into view.
The hell rat roars deafeningly!
Found four items.
Found a gate leading back out of this place.
A hell rat is nearby!
The zap hits the hell rat.
The hell rat is lightly wounded.
You start resting.
A hell rat is nearby!
Aiming: Shock (safe; 4% risk of failure)
Press: ? - help, Q - select action, (/) - cycle Shift-Dir - straight line, p - hell rat You miscast Shock.
You are very lightly contaminated with residual magic.
Nothing appears to happen.
The hell rat bites you!
Ouch! That really hurt!
* * * LOW HITPOINT WARNING * * *
Aiming: Shock (safe; 4% risk of failure)
Press: ? - help, Q - select action, (/) - cycle Shift-Dir - straight line You miscast Shock.
Nothing appears to happen.
The hell rat bites you!
You die...

#########
###≈.≈.≈..###
###...≈..@≈..≈###
#.....##r##≈.≈..#
##≈≈. #.≈
###≈..## #≈≈≈
≈≈≈≈ ##..≈# #.≈≈
≈.≈≈≈ #.≈≈#
#≈..##≈!!? ##≈≈≈#
#.≈.###?∩
###÷..##
#≈≈≈≈.#####..≈..#
###.≈≈≈≈∩.≈≈≈.###


You could see a hell rat.

Vanquished Creatures
  2 river rats (Sewer)
  An adder (D:3)
  A dart slug (D:2)
  2 worms (D:2)
  5 bats
  6 endoplasms
  5 giant cockroaches
  3 hobgoblins
  A kobold (D:3)
  4 quokkas (D:3)
  7 ball pythons
  2 frilled lizards
  9 goblins
  12 rats
60 creatures vanquished.

Vanquished Creatures (others)
  A fungus (D:1)
  A plant (D:1)
2 creatures vanquished.

Grand Total: 62 creatures vanquished

Notes
Turn   | Place    | Note
-------+----------+-------------------------------------------
     0 | D:1      | pkoi the Demigod Air Elementalist began the quest for the
                  | Orb.
     0 | D:1      | Reached XP level 1. HP: 14/14 MP: 5/5
   600 | D:1      | Reached skill level 3 in Air Magic
   779 | D:1      | You fall into a shaft and drop 1 floor!
   962 | D:2      | Reached XP level 2. HP: 20/20 MP: 5/7
  1875 | D:2      | Reached XP level 3. HP: 16/26 MP: 4/8
  2102 | D:2      | Learned a level 2 spell: Static Discharge
  2214 | D:1      | Reached skill level 4 in Air Magic
  3615 | D:3      | Found a glowing drain.
  3642 | Sewer    | Entered a sewer
  3986 | Sewer    | Reached XP level 4. HP: 33/33 MP: 4/9
  4147 | Sewer    | Reached skill level 1 in Unarmed Combat
  4308 | Sewer    | Slain by a hell rat

Illustrated notes

Levels and vault maps discovered:
D:1:      eino_arrival_water_cross, layout_loops_ring,
          shapermc_ecumenical_altar_mp_urbaneastern, bh_walls_and_bars
D:2:      layout_loops_ring, grunt_ministairs_6, grunt_decor_one_mirror,
          serial_bayou_pond_e
D:3:      layout_rooms, portal_sewer_entry_f
Sewer:    sewer_hellmonk_bad_rat

Skill      XL: |  1  2  3  4 |
---------------+-------------+-----
Air Magic      | 3 4 |  4.6
Unarmed Combat | 1 |  1.0
Dodging        | |  1.7
Stealth        | |  1.7
Spellcasting   | |  1.7
Conjurations   | |  0.8

Action                   |  1- 3 |  4- 6 || total
-------------------------+-------+-------++-------
Melee: Unarmed           |     3 |       ||     3
       Dagger            |    20 |     2 ||    22
       Punch             |     1 |       ||     1
 Cast: Shock             |   119 |     7 ||   126
  Use: Scroll            |     2 |       ||     2
 Stab: Sleeping          |     1 |       ||     1
Armor: Robe              |    13 |       ||    13
Dodge: Dodged            |    38 |     2 ||    40
